 Dungeon Crawl Stone Soup version 0.28.0-53-g5a82cb258f (webtiles) character file.

Game seed: 18416908869492215106

104 jiml777 the Magician (level 4, -2/24 HPs)
             Began as a Deep Elf Air Elementalist on June 15, 2022.
             Slain by an orc
             ... wielding a +0 trident
              (4 damage)
             ... on level 3 of the Dungeon.
             The game lasted 00:15:10 (2702 turns).

jiml777 the Magician (Deep Elf Air Elementalist)    Turns: 2702, Time: 00:15:11

Health: -2/24      AC:  3    Str:  5    XL:     4   Next: 52%
Magic:  9/12       EV: 13    Int: 22    God:
Gold:   60         SH:  0    Dex: 15    Spells: 8/11 levels left

rFire   . . .      SeeInvis .   k - +1 hand axe (vamp)
rCold   . . .      Faith    .   (no shield)
rNeg    . . .      Spirit   .   a - +0 robe
rPois   .          Reflect  .   n - +0 helmet
rElec   .          Harm     .   (no cloak)
rCorr   .          Rampage  .   (no gloves)
Will    .....                   (no boots)
Stlth   ++........              (no amulet)
HPRegen 0.08/turn               (no ring)
MPRegen 0.13/turn               (no ring)

@: brilliant, hasted, very quick
A: no striking features
a: no special abilities


You were on level 3 of the Dungeon.
You visited 1 branch of the dungeon, and saw 3 of its levels.

You collected 60 gold pieces.

Inventory:

Hand Weapons
 d - a +0 dagger
 k - a +1 vampiric hand axe (weapon)
Missiles
 g - 104 stones
 i - 14 sling bullets
 m - 21 bolts
Armour
 a - a +0 robe (worn)
 n - a +0 helmet (worn)
Magical Staves
 j - a staff of conjuration
Scrolls
 e - a scroll of fog
Potions
 b - a potion of invisibility
 l - a potion of heal wounds {unknown}
 o - a potion of flight {unknown}


   Skills:
 + Level 3.2 Dodging
 - Level 3.0 Stealth
 + Level 4.0 Spellcasting
 + Level 1.9 Conjurations
 + Level 4.0 Air Magic


You had 8 spell levels left.
You knew the following spells:

 Your Spells              Type           Power      Damage    Failure   Level
a - Shock                 Conj/Air       100%       1d9       3%          1
b - Static Discharge      Conj/Air       26%        N/A       4%          2

Your spell library contained the following spells:

 Spells                   Type           Power      Damage    Failure   Level
 Swiftness                Air            33%        N/A       6%          3
 Blink                    Tloc           12%        N/A       17%         2
 Airstrike                Air            16%        N/A       22%         4
 Lesser Beckoning         Tloc           6%         N/A       32%         3
 Manifold Assault         Tloc           6%         N/A       97%         5


Dungeon Overview and Level Annotations

Branches:
Dungeon (3/15)

Altars:
Nemelex Xobeh

Shops:
D:2 !


Message History

Aiming: Shock (safe; 3% risk of failure)
Press: ? - help, Shift-Dir - straight line The zap hits the orc priest.
The orc priest is lightly wounded.
The zap hits the orc priest but does no damage.
The orc priest is lightly wounded.
The orc priest invokes the aid of Beogh against you.
Beogh smites you!
Ouch! That really hurt!
Casting: Shock (safe; 3% risk of failure)
Confirm with . or Enter, or press ? or * to list all spells.
Aiming: Shock (safe; 3% risk of failure)
Press: ? - help, Shift-Dir - straight line The zap hits the orc priest.
The orc priest is lightly wounded.
The zap hits the orc priest.
The orc priest is moderately wounded.
The orc priest hits you with a +0 club.
* * * LOW HITPOINT WARNING * * *
You feel better.
The orc priest miscasts a cantrip.
The orc priest mumbles some strange prayers to Beogh against you.
Beogh smites you!
Ouch! That really hurt!
* * * LOW HITPOINT WARNING * * *
An orc comes into view. It is wielding a +0 trident.
It was a potion of brilliance.
You feel clever all of a sudden.
It was a potion of haste.
You feel yourself speed up.
The orc shouts!
Casting: Shock (safe; 3% risk of failure)
Confirm with . or Enter, or press ? or * to list all spells.
Aiming: Shock (safe; 3% risk of failure)
Press: ? - help, Shift-Dir - straight line You feel a surge of power!
The zap hits the orc priest!
The orc priest is severely wounded.
The zap hits the orc priest.
You kill the orc priest!
The orc hits you from afar with a +0 trident.
You die...

?...............
..∩..∩b.8†.♣o.#
#.....##<#.#.#
......##.#...######
##....##...........
## #.#####...#####
#.#.# #..........
#.#.###o#...#####
#....@.....##
###.###)####
#.##...####
#..o......#
#........$..
.....#####.....
.......# .....
#.#.....# .... #
#.....# ....


You could see an orc.

Vanquished Creatures
  An orc priest (D:3)
  Terence (D:2)
  Robin (D:2)
  An adder (D:2)
  A worm (D:2)
  A dart slug (D:1)
  7 bats
  3 endoplasms
  4 giant cockroaches
  9 goblins (D:2)
  7 hobgoblins
  A quokka (D:1)
  6 ball pythons (D:1)
  3 frilled lizards
  4 kobolds
  4 rats
54 creatures vanquished.

Notes
Turn   | Place    | Note
-------+----------+-------------------------------------------
     0 | D:1      | jiml777 the Deep Elf Air Elementalist began the quest for
                  | the Orb.
     0 | D:1      | Reached XP level 1. HP: 10/10 MP: 6/6
   384 | D:1      | Reached XP level 2. HP: 11/15 MP: 5/8
  1051 | D:1      | Learned a level 2 spell: Static Discharge
  1513 | D:2      | Found a sparkling altar of Nemelex Xobeh.
  1585 | D:2      | Reached XP level 3. HP: 19/19 MP: 7/9
  1838 | D:2      | Noticed Robin
  1845 | D:2      | Killed Robin
  1846 | D:2      | Reached XP level 4. HP: 24/24 MP: 3/11
  2227 | D:2      | Found Ilakoes's Distillery.
  2299 | D:2      | Noticed Terence
  2575 | D:2      | Killed Terence
  2702 | D:3      | Slain by an orc

Illustrated notes

Levels and vault maps discovered:
D:1:      saegor_arrival_simple_c, layout_loops_corners
D:2:      layout_loops_ring, basic_altar, serial_shops, nicolae_diamond_shop,
          hangedman_glass_teeth, uniq_terence, uniq_robin
D:3:      layout_loops_ring, hellmonk_ecumenical_altar_arch_garden

Skill      XL: |  1  2  3  4 |
---------------+-------------+-----
Dodging        | 3 |  3.2
Stealth        | 3 |  3.0
Spellcasting   | 4 |  4.0
Air Magic      | 4 |  4.0
Conjurations   | |  1.9

Action                   |  1- 3 |  4- 6 || total
-------------------------+-------+-------++-------
Melee: Unarmed           |     2 |       ||     2
       Staff             |       |     9 ||     9
       Hand axe          |       |     3 ||     3
 Cast: Shock             |    57 |    18 ||    75
  Use: Scroll            |       |     6 ||     6
       Potion            |       |     3 ||     3
 Stab: Sleeping          |       |     1 ||     1
Armor: Robe              |     3 |    10 ||    13
Dodge: Dodged            |    13 |    13 ||    26
